 Dungeon Crawl Stone Soup version 0.21-a0-150-gc243083 (webtiles) character file.

8398 namelastname112 the Martial Artist (level 11, 0/88 HPs)
             Began as a Black Draconian Wanderer on July 27, 2017.
             Was an Initiate of Wu Jian.
             Slain by a manticore (13 damage)
             ... on level 12 of the Dungeon.
             The game lasted 00:25:21 (13531 turns).

namelastname112 the Martial Artist (DrWn)          Turns: 13531, Time: 00:25:22

Health: 0/88       AC:  8    Str: 11    XL:     11   Next: 9%
Magic:  17/22      EV: 13    Int: 12    God:    Wu Jian [......]
Gold:   953        SH:  0    Dex: 18    Spells: 13/24 levels left

rFire    + . .     SeeInvis .     - Unarmed
rCold    . . .     Gourm    +   (shield currently unavailable)
rNeg     . . .     Faith    .   (armour unavailable)
rPois    .         Spirit   .   (helmet restricted)
rElec    +         Reflect  .   x - +0 cloak
rCorr    .         Harm     .   (gloves currently unavailable)
MR       .....                  (no boots)
Stlth    +++.......             k - amulet of the gourmand
HPRegen  0.64/turn              m - ring of protection from fire
MPRegen  0.18/turn              J - ring of stealth

@: blade hands (expiring), barbed spikes, drained
A: breathe lightning, unfitting armour, stinger 1, regeneration 1, electricity
resistance, cold-blooded, AC +7
a: Breathe Lightning, End Transformation, Renounce Religion


You were on level 12 of the Dungeon.
You worshipped Wu Jian.
Wu Jian was noncommittal.
You were completely stuffed.
You had blades for hands.
You visited 2 branches of the dungeon, and saw 13 of its levels.
You also visited: Ossuary and Bailey.

You collected 998 gold pieces.
You spent 45 gold pieces at shops.

Inventory:

Missiles
 l - 138 arrows
 q - 6 curare-tipped needles
 G - a throwing net (quivered)
Armour
 x - a +0 cloak (worn)
 I - a +2 pair of gloves (melded)
Jewellery
 k - an amulet of the gourmand (around neck)
 m - a ring of protection from fire (left scythe-like blade)
 J - a ring of stealth (right scythe-like blade)
 L - a +3 amulet of reflection
Wands
 y - a wand of confusion (31/48)
 B - a wand of acid (11/15)
 F - a wand of clouds (2/9)
 K - a wand of iceblast (6/15)
 P - a wand of flame (43/48)
Scrolls
 g - 3 scrolls of remove curse
 h - 4 scrolls of fear
 j - a scroll of noise {unknown}
 n - 2 scrolls of magic mapping
 s - 7 scrolls of teleportation
 D - 2 scrolls of identify
 H - a scroll of recharging
 O - a scroll of immolation {unknown}
Potions
 e - 2 potions of magic {unknown}
 i - a potion of might
 o - a potion of ambrosia
 p - 5 potions of curing
 r - 2 potions of cancellation
 t - a potion of agility
 v - a potion of resistance
 w - 3 potions of invisibility
 z - 2 potions of brilliance
 C - a potion of heal wounds {unknown}
 M - a potion of lignification
 N - a potion of flight {unknown}
Books
 a - a book of Changes

   Spells                             Type                      Level
   a - Beastly Appendage              Transmutation                1
   b - Sticks to Snakes               Transmutation                2
   c - Spider Form                    Transmutation/Poison         3
   d - Ice Form                       Ice/Transmutation            4
   e - Blade Hands                    Transmutation                5
 b - the Guide on Feathers

   Spells                             Type                      Level
   a - Swiftness                      Charms/Air                   2
   b - Poisonous Vapours              Poison/Air                   2
 c - the Tome of Flight

   Spells                             Type                      Level
   a - Swiftness                      Charms/Air                   2
   b - Poisonous Vapours              Poison/Air                   2
 E - a book of Necromancy

   Spells                             Type                      Level
   a - Pain                           Necromancy                   1
   b - Animate Skeleton               Necromancy                   1
   c - Vampiric Draining              Necromancy                   3
   d - Regeneration                   Charms/Necromancy            3
   e - Animate Dead                   Necromancy                   4
   f - Control Undead                 Necromancy                   4
Comestibles
 d - 6 royal jellies
 f - 13 bread rations
 u - 7 meat rations
 A - 17 fruits


   Skills:
 + Level 5.2(4.8) Fighting
   Level 2.0(1.5) Polearms
 - Level 1.0(0.5) Throwing
 + Level 3.1(2.6) Dodging
 - Level 1.0(0.5) Stealth
 + Level 11.7(11.2) Unarmed Combat
 + Level 7.3(6.8) Spellcasting
 + Level 8.2(7.7) Transmutations


You had 13 spell levels left.
You knew the following spells:

 Your Spells              Type           Power        Failure   Level  Hunger
a - Beastly Appendage     Tmut           ###...       13%         1    None
c - Spider Form           Tmut/Pois      ##........   45%         3    ###....
s - Blade Hands           Tmut           ###.......   61%         5    ######.
x - Sticks to Snakes      Tmut           ###.....     16%         2    #......


Dungeon Overview and Level Annotations

Branches:
Dungeon (13/15)            Temple (1/1) D:4
   Lair: D:8-11         Orc: D:9-12      Vaults: D:13-14

Altars:
Ashenzari
Cheibriados
Dithmenos
Elyvilon
Fedhas
Gozag
Hepliaklqana
Kikubaaqudgha
Makhleb
Nemelex Xobeh
Okawaru
Qazlal
Ru
Sif Muna
Trog
Uskayaw
Vehumet
Wu Jian
Xom
Yredelemnul
Zin
The Shining One

Shops:
D:7 *   D:8 [   D:9 *

Portals:
Trove: D:13 (give +3 storm dragon scales)

Annotations:
D:7 2 transporters


Innate Abilities, Weirdness & Mutations

You can breathe wild blasts of lightning.
Your glossy black scales are hard. (AC +7)
You cannot fit into any form of body armour.
You are resistant to electric shocks. (rElec)
You are cold-blooded and may be slowed by cold attacks.
Your tail ends in a poisonous barb.
Your natural rate of healing is unusually fast.


Message History

The manticore is severely wounded.
The manticore misses you. The manticore claws you!
The manticore barely misses you.
You take 14 damage, and have 43/88 hp.
You barely miss the manticore. You tail-slap the manticore.
The manticore looks even sicker.
The manticore is severely wounded.
Your transformation is almost over.
The manticore bites you!!
* * * LOW HITPOINT WARNING * * *
The manticore claws you!
* * * LOW HITPOINT WARNING * * *
The manticore claws you but does no damage.
You take 24 damage, and have 19/88 hp.
MASSIVE DAMAGE!!
You slash the manticore!
The manticore is almost dead.
The manticore completely misses you. The manticore claws you.
* * * LOW HITPOINT WARNING * * *
The manticore claws you!
You die...

#..........o...H.T
#.........#..##..C
#.........#..#
#.........####
#..5......#
#####....# ###..##.#
#.H)..#.#
#..@..#.############
#.....#.............
#.....########......
#..(.... ##.....
#.....##. #.....
####.## # #..... .#
+..... .# #.....
###.##


You could see a manticore.

Vanquished Creatures
  The ghost of drasked the Grappler, a novice TrMo (Bailey)
  Pikel (D:8)
  2 orc knights (Bailey)
  A centaur skeleton (D:10)
  A kobold demonologist (D:13)
  3 trolls
  Grinder (D:6)
  Prince Ribbit (D:9)
  A hippogriff (D:13)
  Eustachio (D:6)
  2 wraiths
  Menkaure (D:7)
  A water moccasin (D:8)
  6 orc warriors
  A phantom (D:6)
  2 sky beasts
  A slave (D:8)
  2 ice beasts
  A black bear (D:9)
  4 centaurs
  5 ogres
  A crocodile (D:7)
  3 bullfrogs
  A gnoll sergeant (D:9)
  A scorpion (D:6)
  4 killer bees (D:9)
  A howler monkey (D:7)
  An electric eel (D:6)
  5 crimson imps
  2 centaur zombies
  3 quasits
  7 orc priests
  A hound (D:6)
  8 orc wizards
  Crazy Yiuf (D:3)
  A bullfrog skeleton (D:12)
  Ijyb (D:5)
  2 iguanas
  10 worker ants
  2 big kobold zombies (Ossuary)
  A hound skeleton (D:5)
  3 worker ant zombies
  7 gnolls
  A howler monkey skeleton (D:6)
  10 adders
  9 river rats (D:5)
  3 shadow imps
  An ooze (D:2)
  4 adder skeletons
  An adder zombie (D:5)
  3 worms
  2 dart slugs (D:3)
  4 leopard geckos
  39 orcs
  10 giant cockroaches
  11 goblins
  12 hobgoblins
  6 jackals (D:6)
  9 quokkas
  6 ball pythons
  5 bats
  8 frilled lizards
  A goblin zombie (Ossuary)
  4 hobgoblin zombies (Ossuary)
  5 kobolds
  3 orc zombies (Ossuary)
  2 quokka zombies (D:4)
  31 rats
295 creatures vanquished.

Vanquished Creatures (collateral kills)
  3 big kobold zombies (Ossuary)
  2 mummies (Ossuary)
  3 gnolls (D:2)
  7 orcs
15 creatures vanquished.

Vanquished Creatures (others)
  2 slaves (D:8)
  A water moccasin (D:8)
3 creatures vanquished.

Grand Total: 313 creatures vanquished

Notes
Turn   | Place    | Note
-------+----------+-------------------------------------------
     0 | D:1      | namelastname112 the Draconian Wanderer began the quest for the Orb.
     0 | D:1      | namelastname112 set off with: a book of Changes, the Guide on Feathers, the Tome of Flight, a +0 dagger, a bread ration
     0 | D:1      | Reached XP level 1. HP: 19/19 MP: 2/2
     0 | D:1      | Identified the Guide on Feathers
     0 | D:1      | Identified the Tome of Flight
     2 | D:1      | Learned a level 1 spell: Beastly Appendage
   154 | D:1      | Reached XP level 2. HP: 24/26 MP: 3/3
   957 | D:2      | Reached XP level 3. HP: 31/31 MP: 5/5
   963 | D:2      | Learned a level 3 spell: Spider Form
  1668 | D:2      | Found a deep blue altar of Sif Muna.
  1939 | D:2      | Reached skill level 1 in Unarmed Combat
  1939 | D:2      | Reached XP level 4. HP: 35/40 MP: 5/7
  1946 | D:2      | Learned a level 2 spell: Sticks to Snakes
  1998 | D:2      | Reached skill level 1 in Dodging
  2615 | D:2      | Found an ancient bone altar of Kikubaaqudgha.
  3040 | D:3      | Reached XP level 5. HP: 41/46 MP: 1/8
  3084 | D:3      | Noticed an ogre
  3111 | D:3      | Killed an ogre
  3111 | D:3      | Reached skill level 2 in Unarmed Combat
  3585 | D:3      | Found a snail-covered altar of Cheibriados.
  3611 | D:3      | Reached XP level 6. HP: 30/53 MP: 7/10
  4286 | D:3      | Found a runed door.
  4291 | D:3      | Noticed Crazy Yiuf
  4298 | D:3      | Killed Crazy Yiuf
  4526 | D:4      | Found a sand-covered staircase.
  4533 | Ossuary  | Entered an ossuary
  5422 | D:4      | Your scales start taking on a glossy black colour.
  5422 | D:4      | Reached XP level 7. HP: 43/60 MP: 9/11
  5422 | D:4      | Gained mutation: You are resistant to electric shocks. (rElec) [Black Draconian growth]
  5776 | D:4      | Found a staircase to the Ecumenical Temple.
  5788 | D:4      | Reached skill level 3 in Unarmed Combat
  5820 | Temple   | Entered the Ecumenical Temple
  6307 | D:4      | Reached skill level 4 in Unarmed Combat
  6996 | D:5      | Entered Level 5 of the Dungeon
  7053 | D:5      | Reached skill level 5 in Unarmed Combat
  7269 | D:5      | Found an iron altar of Okawaru.
  7637 | D:5      | Reached skill level 6 in Unarmed Combat
  7639 | D:5      | Noticed Ijyb
  7655 | D:5      | Killed Ijyb
  7655 | D:5      | Reached XP level 8. HP: 66/67 MP: 7/12
  7907 | D:5      | Reached skill level 7 in Unarmed Combat
  8091 | D:6      | Noticed Grinder
  8117 | D:6      | Paralysed by Grinder for 4 turns
  8130 | D:6      | Paralysed by Grinder for 5 turns
  8142 | D:6      | Killed Grinder
  8144 | D:6      | Reached skill level 8 in Unarmed Combat
  8582 | D:6      | Reached skill level 9 in Unarmed Combat
  8813 | D:6      | Gained mutation: Your tail ends in a poisonous barb. [mutagenic meat]
  8814 | D:6      | Gained mutation: Your natural rate of healing is unusually fast. [mutagenic meat]
  8994 | D:6      | Reached XP level 9. HP: 69/73 MP: 8/13
  9185 | D:6      | Noticed Eustachio
  9197 | D:6      | Killed Eustachio
  9332 | D:6      | Reached skill level 10 in Unarmed Combat
  9706 | D:7      | Found a flagged portal.
  9712 | Bailey   | Entered a bailey
  9929 | Bailey   | Noticed drasked's ghost (novice TrMo)
  9996 | Bailey   | Killed drasked's ghost
  9996 | Bailey   | Reached skill level 5 in Transmutations
 10163 | Bailey   | Noticed an orc knight
 10163 | Bailey   | Noticed an orc knight
 10170 | Bailey   | Killed an orc knight
 10170 | Bailey   | Reached skill level 5 in Spellcasting
 10176 | Bailey   | Killed an orc knight
 10176 | Bailey   | Reached XP level 10. HP: 80/80 MP: 15/18
 10324 | Bailey   | Noticed Leszczynek's ghost (novice TrSk)
 10402 | D:7      | Found a snail-covered altar of Cheibriados.
 10413 | D:7      | Noticed a gargoyle
 10415 | D:7      | Found a transporter.
 10455 | D:7      | Reached skill level 11 in Unarmed Combat
 10515 | D:7      | Found a transporter.
 10593 | D:7      | Got a transparent hand axe
 10594 | D:7      | Identified the cursed +3 hand axe "Sunim" {chop, rC+ Dex+2} (You found it on level 7 of the Dungeon)
 10915 | D:7      | Noticed Menkaure
 10945 | D:7      | Killed Menkaure
 11148 | D:7      | Found Zoushuh's General Store.
 11281 | D:8      | Noticed Pikel
 11324 | D:8      | Killed Pikel
 11376 | D:8      | Learned a level 5 spell: Blade Hands
 11639 | D:8      | Found Covydgh Wyump's Antique Armour Shop.
 12098 | D:8      | Found a sacrificial altar of Ru.
 12434 | D:9      | Found a shimmering altar of Xom.
 12527 | D:9      | Found a shadowy altar of Dithmenos.
 12694 | D:9      | Found Nugubb's Changing Room.
 12717 | D:9      | Bought a potion of lignification for 45 gold pieces
 12778 | D:9      | Noticed Prince Ribbit
 12788 | D:9      | Killed Prince Ribbit
 13013 | D:9      | Found a glowing golden altar of the Shining One.
 13043 | D:9      | Reached skill level 5 in Fighting
 13136 | D:9      | Found a sparkling altar of Nemelex Xobeh.
 13142 | D:9      | Found an ornate altar of the Wu Jian Council.
 13148 | D:9      | Became a worshipper of the Wu Jian Council
 13183 | D:10     | Entered Level 10 of the Dungeon
 13227 | D:10     | You fall through a shaft for 3 floors!
 13227 | D:13     | Found a portal to a secret trove of treasure.
 13291 | D:13     | Reached XP level 11. HP: 82/86 MP: 15/21
 13504 | D:12     | Noticed a wizard
 13531 | D:12     | Slain by a manticore

Vault maps used:
D:1:      onia_arrival_larder
D:2:      marbit_many_paths, nicolae_overflow_hidden_temple, minmay_nonomino_d4
D:3:      cheibriados_altar_1, uniq_crazy_yiuf_cottage
D:4:      minmay_temple_entry_junction_2, enter_ossuary_4, first_bread,
          minmay_hedge_maze
D:5:      lemuel_ratsnest, kennysheep_little_box, uniq_ijyb
D:6:      lightli_minifort, uniq_grinder, uniq_eustachio
D:7:      gammafunk_temple_overflow_arena, enter_bailey_2, serial_shops,
          nicolae_shop_crystal, grunt_ogre_cave, uniq_menkaure
D:8:      nicolae_ru_path_of_blood, serial_shops, shop, uniq_pikel
D:9:      tgw_xom, minitemple, grunt_temple_overflow_open, solitary_fountain,
          nicolae_transmutations_shop, uniq_prince_ribbit1
D:10:     lair_entry_dummy, erik_orc_3, serial_glass, glass_columns_b,
          glass_columns_a, glass_columns_c, glass_columns_c, uniq_psyche
D:12:     serial_shops, shop, nicolae_shop_statue_plus, shop,
          nicolae_shop_crystal, nicolae_shop_waterfront,
          minmay_the_grid_square_5x5_3x3_mashed, uniq_maurice
D:13:     basic_altar, nicolae_trove_entry_crossroad, minmay_lindwurm_lava
Temple:   minmay_temple_forest_path
Ossuary:  minmay_ossuary_gauntlet
Bailey:   bailey_polearm_1, bailey

Skill      XL: |  1  2  3  4  5  6  7  8  9 10 11 |
---------------+----------------------------------+-----
Unarmed Combat | 1 2 6 9 10 11 | 11.7
Spellcasting   | 2 3 5 7 |  7.3
Dodging        | 1 2 3 |  3.1
Fighting       | 4 5 |  5.2
Transmutations | 3 6 8 |  8.2
Polearms       | |  2.0
Throwing       | |  1.0
Stealth        | |  1.0

Action                   |  1- 3 |  4- 6 |  7- 9 | 10-12 || total
-------------------------+-------+-------+-------+-------++-------
Melee: Dagger            |    82 |       |       |       ||    82
       Tailslap          |    20 |    33 |    33 |    32 ||   118
       Unarmed           |    89 |   296 |   372 |   246 ||  1003
       Punch             |     1 |     4 |     6 |    13 ||    24
       Headbutt          |       |     4 |     1 |       ||     5
       Kick              |       |     9 |       |       ||     9
 Cast: Spider Form       |     2 |     6 |    17 |     4 ||    29
       Sticks to Snakes  |       |    11 |    21 |     4 ||    36
       Beastly Appendage |       |     6 |       |       ||     6
       Blade Hands       |       |       |       |    10 ||    10
 Abil: Breathe Lightning |       |       |    14 |     5 ||    19
Evoke: Wand              |       |       |     1 |     1 ||     2
  Use: Scroll            |       |     9 |     9 |     3 ||    21
       Potion            |       |       |     1 |       ||     1
 Stab: Sleeping          |     4 |     6 |     3 |     4 ||    17
       Distracted        |     2 |       |     1 |       ||     3
  Eat: Chunk             |     7 |    15 |    27 |    21 ||    70
Armor: Skin              |    51 |    91 |   114 |    81 ||   337
Dodge: Dodged            |    91 |   228 |   280 |   136 ||   735
